Map: Honorgrounds LE

Players

FläskFräsarN

  • Race: Protoss Protoss
  • League: Master
  • Spawn Location: 1:00

Railgan - Winner!

  • Race: Zerg Zerg
  • League: Grandmaster
  • Spawn Location: 5:00

VOD

Have the link to the VOD?

Description

Time

  • Played on: March 17, 2017, 4:10 p.m.
  • Length: 10:26
Show
View Real Time Build Order
Export as new Build Order

FläskFräsarN Protoss 

Build Orders: 1 Gate Expand 

Get SALT Encoding   

  12  0:00  Probe (Chrono Boost)  
  13  0:11  Probe (Chrono Boost)  
  14  0:20  Pylon  
  14  0:23  Probe (Chrono Boost)  
  15  0:38  Gateway, Probe (Chrono Boost)  
  16  0:45  Assimilator  
  16  0:49  Probe (Chrono Boost)  
  17  0:59  Probe (Chrono Boost)  
  18  1:10  Probe (Chrono Boost)  
  19  1:20  Probe (Chrono Boost)  
  20  1:28  Nexus  
  20  1:40  Cybernetics Core  
  20  1:42  Probe (Chrono Boost)  
  20  1:46  Assimilator  
  21  1:53  Probe (Chrono Boost)  
  22  2:01  Pylon  
  22  2:03  Probe (Chrono Boost)  
  23  2:19  Adept  
  23  2:20  Mothership Core (Chrono Boost)  
  27  2:32  Warp Gate  
  27  2:37  Pylon  
  27  2:38  Probe (Chrono Boost)  
  27  2:42  Probe (Chrono Boost)  
  29  2:46  Zealot  
  29  2:48  Probe (Chrono Boost)  
  32  2:52  Probe (Chrono Boost)  
  33  2:59  Probe (Chrono Boost)  
  33  3:01  Stargate  
  33  3:04  Probe (Chrono Boost)  
  35  3:09  Probe (Chrono Boost)  
  36  3:15  Probe (Chrono Boost)  
  37  3:20  Probe (Chrono Boost)  
  37  3:25  Probe (Chrono Boost)  
  37  3:26  Assimilator  
  39  3:30  Probe (Chrono Boost)  
  40  3:36  Probe (Chrono Boost), Assimilator  
  40  3:38  Void Ray  
  42  3:42  Probe (Chrono Boost)  
  42  3:46  Probe (Chrono Boost)  
  46  3:54  Probe (Chrono Boost)  
  47  3:56  Gateway  
  47  3:57  Gateway  
  47  3:59  Probe (Chrono Boost)  
  48  4:06  Probe (Chrono Boost)  
  49  4:10  Probe (Chrono Boost)  
  51  4:18  Probe (Chrono Boost)  
  51  4:20  Probe (Chrono Boost)  
  48  4:36  Probe (Chrono Boost)  
  48  4:37  Probe (Chrono Boost)  
  47  4:46  Probe (Chrono Boost)  
  47  4:49  Probe (Chrono Boost)  
  46  4:57  Probe (Chrono Boost)  
  47  5:01  Fleet Beacon, Stargate  
  47  5:02  Probe (Chrono Boost)  
  48  5:08  Probe (Chrono Boost)  
  48  5:14  Probe (Chrono Boost)  
  50  5:18  Probe (Chrono Boost)  
  51  5:26  Probe (Chrono Boost)  
  52  5:29  Probe (Chrono Boost)  
  52  5:38  Nexus, Probe (Chrono Boost)  
  52  5:41  Pylon x2  
  53  6:04  Adept x3  
  53  6:19  Pylon  
  53  6:20  Pylon  
  53  6:25  Carrier  
  50  6:26  Protoss Air Weapons Level 1  
  50  6:27  Carrier  
  50  6:34  Adept x2  
  50  6:38  Probe x2 (Chrono Boost)  
  68  6:45  Nexus  
  68  6:49  Pylon  
  69  6:55  Graviton Catapult, Probe x2 (Chrono Boost)  
  69  7:07  Probe (Chrono Boost)  
  70  7:11  Pylon  
  70  7:15  Probe (Chrono Boost)  
  66  7:19  Zealot x2, Probe (Chrono Boost)  
  70  7:27  Pylon  
  71  7:31  Probe x2 (Chrono Boost)  
  71  7:40  Carrier, Stargate  
  71  7:48  Oracle  
  75  8:06  Pylon  
  75  8:19  Carrier  
  76  8:21  Probe x2 (Chrono Boost)  
  76  8:30  Carrier, Adept x3  
  85  8:59  Nexus  
  85  9:03  Pylon  
  85  9:04  Pylon  
  85  9:09  Twilight Council  
  85  9:11  Gateway, Assimilator  
  85  9:13  Gateway  
  85  9:14  Gateway  
  85  9:15  Assimilator  
  85  9:16  Gateway  
  85  9:22  Probe (Chrono Boost)  
  88  9:25  Mothership Core (Chrono Boost)  
  88  9:27  Adept  
  88  9:28  Adept  
  92  9:32  Adept  
  94  10:00  Probe x2 (Chrono Boost)  
  94  10:04  Adept x2  
  90  10:12  Probe x2 (Chrono Boost)  
Show
View Real Time Build Order
Export as new Build Order

Railgan Zerg - Winner!

Build Orders: Hatch First 

Get SALT Encoding   

  12  0:02  Drone  
  13  0:13  Overlord  
  13  0:19  Drone  
  14  0:32  Drone x2  
  16  0:36  Drone  
  17  0:49  Drone  
  18  1:02  Hatchery  
  17  1:07  Drone x2  
  17  1:11  Extractor  
  18  1:21  Spawning Pool  
  18  1:24  Drone  
  18  1:29  Drone  
  19  1:42  Overlord  
  19  1:56  Drone  
  20  2:03  Drone  
  21  2:10  Queen  
  23  2:19  Queen  
  23  2:21  Zergling x2  
  23  2:22  Drone x2, Metabolic Boost  
  28  2:26  Drone  
  29  2:32  Drone  
  29  2:36  Drone  
  31  2:45  Overlord  
  31  2:47  Queen  
  31  2:49  Drone  
  34  2:55  Evolution Chamber  
  34  2:56  Drone  
  34  3:01  Queen  
  36  3:06  Zergling x4  
  36  3:09  Zergling x2  
  39  3:16  Zergling x2  
  39  3:19  Drone  
  41  3:21  Zerg Melee Weapons Level 1  
  41  3:22  Overlord  
  41  3:23  Drone  
  41  3:24  Drone  
  43  3:31  Drone  
  44  3:36  Overlord  
  44  3:39  Lair  
  44  3:41  Drone  
  44  3:42  Drone x2  
  47  3:50  Drone x2  
  49  3:59  Extractor, Drone x2  
  49  4:02  Drone  
  51  4:03  Baneling Nest  
  51  4:04  Extractor  
  51  4:05  Extractor  
  48  4:11  Overlord, Zergling x2  
  48  4:12  Zergling x6  
  48  4:13  Drone  
  48  4:14  Drone  
  48  4:15  Drone  
  55  4:25  Zergling x2  
  55  4:26  Drone  
  55  4:30  Drone  
  56  4:40  Drone x4  
  56  4:44  Zergling x2  
  56  4:45  Overlord, Zergling x2  
  61  4:51  Drone  
  62  5:01  Baneling x2  
  62  5:02  Zergling x2  
  62  5:03  Zergling x4  
  64  5:10  Zergling x2  
  64  5:13  Zergling x2  
  66  5:15  Infestation Pit  
  66  5:17  Hatchery  
  64  5:24  Zergling x2  
  64  5:25  Zergling x4  
  66  5:29  Zergling x2  
  66  5:30  Overlord, Zergling x2  
  66  5:31  Zerg Melee Weapons Level 2  
  66  5:33  Drone x2  
  66  5:35  Drone  
  71  5:36  Spore Crawler  
  71  5:40  Spore Crawler  
  69  5:46  Drone x2  
  71  5:50  Centrifical Hooks  
  71  5:52  Spore Crawler  
  71  5:53  Pathogen Glands  
  71  5:54  Drone  
  71  5:56  Burrow  
  71  5:57  Overlord  
  69  6:08  Zergling x2  
  69  6:09  Zergling x10  
  69  6:10  Zergling x2  
  68  6:19  Zergling x6  
  68  6:23  Drone  
  70  6:29  Infestor  
  70  6:30  Infestor  
  70  6:31  Overlord  
  73  6:33  Queen  
  73  6:36  Infestor  
  76  6:44  Drone x2  
  76  6:45  Drone  
  79  6:51  Infestor  
  79  6:53  Zergling x2  
  84  6:54  Zergling x8  
  83  7:02  Drone x2  
  83  7:03  Drone x2  
  83  7:05  Extractor x2  
  81  7:16  Drone  
  81  7:18  Infestor  
  81  7:19  Infestor  
  81  7:21  Drone  
  81  7:22  Drone x2  
  88  7:23  Drone  
  86  7:33  Drone x4  
  86  7:34  Drone x3, Overlord  
  93  7:42  Neural Parasite  
  93  7:47  Hatchery  
  93  7:48  Evolution Chamber  
  93  7:49  Hydralisk Den  
  90  7:57  Zergling x16  
  92  8:09  Zergling x10  
  97  8:16  Zergling x2  
  97  8:17  Zergling x4  
  100  8:22  Infestor x2  
  100  8:24  Overlord  
  100  8:25  Zergling x2  
  105  8:29  Zergling x6  
  105  8:30  Overlord  
  105  8:32  Hydralisk  
  105  8:33  Hydralisk x2  
  113  8:41  Hydralisk x3  
  113  8:46  Hydralisk  
  117  8:51  Hydralisk x2  
  117  8:52  Drone x2  
  119  9:00  Hydralisk  
  119  9:01  Hydralisk x2  
  124  9:10  Overseer  
  124  9:14  Hydralisk x3  
  130  9:18  Drone  
  130  9:19  Drone x2  
  130  9:23  Overlord  
  131  9:24  Overseer, Pneumatized Carapace  
  131  9:25  Drone  
  131  9:26  Drone x3  
  135  9:32  Overlord  
  135  9:38  Overlord  
  135  9:43  Hydralisk x4  
  140  9:46  Hydralisk  
  140  9:47  Drone  
  143  10:04  Overlord  
  157  10:07  Overlord  
  157  10:09  Extractor  
  157  10:10  Extractor  
Tags
 
Add a new tag
Caveats
  • Supply blocks, unpowered buildings, or Contaminate may cause inaccurate times.
  • Supply counts are checked every 10 seconds.